 Dungeon Crawl Stone Soup version 0.22-a0-305-gd21a89c538 (webtiles) character file.

83 Manul the Sneak (level 4, -4/23 HPs)
             Began as a Vine Stalker Assassin on Mar 30, 2018.
             Killed by divine providence
             ... invoked by an orc priest
              (9 damage)
             ... on level 3 of the Dungeon.
             The game lasted 00:02:23 (1638 turns).

Manul the Sneak (Vine Stalker Assassin)             Turns: 1638, Time: 00:02:24

Health: -4/23      AC:  9    Str: 19    XL:     4   Next: 44%
Magic:  0/5        EV: 11    Int: 11    God:
Gold:   124        SH:  0    Dex: 16    Spells: 3/3 levels left

rFire    . . .     SeeInvis .   a - +2 dagger
rCold    + . .     Gourm    .   (no shield)
rNeg     . . .     Faith    .   k - +2 ring mail {rC+}
rPois    .         Spirit   +   (no helmet)
rElec    .         Reflect  .   d - +1 cloak
rCorr    .         Harm     .   (no gloves)
MR       .....                  (no boots)
Stlth    +++.......             (no amulet)
HPRegen  0.47/turn              (no ring)
MPRegen  0.09/turn              (no ring)

@: mighty
A: fangs 2, regeneration 1, magic shield, antimagic bite, no potion heal 3, rot
immunity
a: no special abilities


You were on level 3 of the Dungeon.
You were not hungry.

You visited 1 branch of the dungeon, and saw 3 of its levels.

You collected 124 gold pieces.

Inventory:

Hand Weapons
 a - a +2 dagger (weapon)
 b - a +0 blowgun
Missiles
 e - 21 poisoned needles
 f - 2 curare-tipped needles
 s - 6 steel javelins (quivered)
 t - 5 needles of paralysis
Armour
 c - a +0 robe
 d - a +1 cloak (worn)
 k - a +2 ring mail of cold resistance (worn)
Scrolls
 l - 3 scrolls of identify
 m - a scroll of immolation {unknown}
 r - 2 scrolls of magic mapping {unknown}
Potions
 i - a potion of lignification {unknown}
 j - a potion of curing {unknown}
 o - a potion of might
 p - a potion of magic {unknown}
 q - a potion of brilliance {unknown}
 u - a potion of degeneration {unknown}
Comestibles
 g - 4 rations
 h - 5 chunks of flesh


   Skills:
 + Level 2.0 Fighting
 + Level 2.6 Short Blades
 + Level 1.9 Throwing
 + Level 1.1 Armour
 + Level 1.1 Dodging
 + Level 5.8 Stealth


You had 3 spell levels left.
You didn't know any spells.

Dungeon Overview and Level Annotations

Branches:
Dungeon (3/15)

Altars:


Innate Abilities, Weirdness & Mutations

You have extremely sharp teeth.
Your natural rate of healing is unusually fast.
When hurt, damage is shared between your health and your magic reserves.
Your bite disrupts and absorbs the magic of your enemies.
Potions cannot restore your health.
You are immune to rotting.


Message History

You hit the orc priest but do no damage.
Your bite misses the orc priest.
The orc priest is moderately wounded.
The orc priest closely misses you.
You closely miss the orc priest.
You bite the orc priest, but do no damage.
The orc priest is moderately wounded.
The orc priest closely misses you.
You closely miss the orc priest. You bite the orc priest. You drain its power.
You feel invigorated.
The orc priest is heavily wounded.
The orc priest hits you but does no damage.
You hit the orc priest but do no damage.
Your bite misses the orc priest.
The orc priest is heavily wounded.
The orc priest closely misses you.
You feel very mighty all of a sudden.
The orc priest invokes the aid of Beogh against you.
Beogh smites you!
You die...

#......... # #......... #
#......... # #......... #
........^. ##..(...... ###
#........# #.o........ #..
###.....[..## #(.###.#### #.#
#...........# ####...##.# #.#
..>.........# #.@oo.....# #.#
#..........###.###.#...# #.#
#..........#...# #.##.... #)#
#............### #.# .####.###.#
##.........### ##.##.# #.....#
###.......########....)########..
.................................
...###...######..##.#######...#..
.## #.#..####..###.#####...##...


You could see an orc priest and an orc.

Vanquished Creatures
  3 adders
  An adder skeleton (D:2)
  2 worms (D:2)
  A dart slug (D:1)
  A leopard gecko (D:1)
  2 orcs (D:3)
  5 bats
  6 goblins
  4 hobgoblins
  3 jackals (D:2)
  2 quokkas
  3 ball pythons
  2 frilled lizards (D:1)
  4 kobolds
  5 rats
44 creatures vanquished.

Notes
Turn   | Place    | Note
-------+----------+-------------------------------------------
     0 | D:1      | Manul the Vine Stalker Assassin began the quest for the Orb.
     0 | D:1      | Reached XP level 1. HP: 11/11 MP: 2/2
    85 | D:1      | Reached skill level 5 in Stealth
   137 | D:1      | Reached XP level 2. HP: 13/15 MP: 3/3
   927 | D:2      | Reached skill level 1 in Dodging
   978 | D:2      | Reached XP level 3. HP: 10/18 MP: 4/4
  1453 | D:3      | Reached skill level 1 in Armour
  1453 | D:3      | Gained mutation: Your natural rate of healing is unusually fast. [Vine Stalker growth]
  1453 | D:3      | Reached XP level 4. HP: 18/23 MP: 5/5
  1629 | D:3      | HP: 1/23 [orc priest/divine providence (11)]
  1638 | D:3      | Killed from afar by an orc priest

Vault maps used:
D:1:      dpeg_arrival_tiny_g, hex_medium
D:3:      lemuel_doored_altar, uniq_ijyb, uniq_jessica

Skill      XL: |  1  2  3 |
---------------+----------+-----
Stealth        | 5 |  5.8
Dodging        | 1 |  1.1
Short Blades   | 2 |  2.6
Fighting       | 2 |  2.0
Armour         | 1 |  1.1
Throwing       | |  1.9

Action                   |  1- 3 |  4- 6 || total
-------------------------+-------+-------++-------
Melee: Dagger            |    77 |    63 ||   140
       Whip              |    12 |       ||    12
       Bite              |    17 |    19 ||    36
Throw: Javelin           |     2 |     1 ||     3
  Use: Scroll            |     3 |       ||     3
       Potion            |       |     2 ||     2
 Stab: Sleeping          |     7 |       ||     7
  Eat: Chunk             |     2 |       ||     2
Armor: Ring mail         |    39 |    29 ||    68
       Robe              |     2 |       ||     2
Dodge: Dodged            |    33 |    35 ||    68

Table legend:
 A = Spawn XP
 B = Non-spawn XP
 C = Spawn XP percentage of total XP
 D = Spawn monster count
 E = Non-spawn monster count
 F = Spawn count percentage of total count
 G = Total turns spent on level
                    A         B        C        D         E        F      G
               +---------+---------+-------+---------+---------+-------+---------
         Total |       0 |     119 |   0.0 |       0 |      44 |   0.0 |  1638
               +---------+---------+-------+---------+---------+-------+---------
           D:1 |       0 |      15 |   0.0 |       0 |       9 |   0.0 |   761
           D:2 |       0 |      59 |   0.0 |       0 |      23 |   0.0 |   673
           D:3 |       0 |      45 |   0.0 |       0 |      12 |   0.0 |   204
               +---------+---------+-------+---------+---------+-------+---------
